 Dungeon Crawl Stone Soup version 0.22.0-38-g04b72b8 (webtiles) character file.

1346 Gorglobot the Chopper (level 8, -5/69 HPs)
             Began as a Minotaur Fighter on Aug 27, 2018.
             Slain by Grinder (7 damage)
             ... while paralysed by Grinder
             ... on level 6 of the Dungeon.
             The game lasted 00:01:58 (4634 turns).

Gorglobot the Chopper (Minotaur Fighter)            Turns: 4634, Time: 00:01:59

Health: -5/69      AC:  7    Str: 23    XL:     8   Next: 36%
Magic:  7/7        EV:  2    Int:  5    God:
Gold:   166        SH:  0    Dex: 10    Spells: 7/7 levels left

rFire    . . .     SeeInvis .   a - +0 war axe
rCold    . . .     Gourm    .   c - +0 shield
rNeg     . . .     Faith    .   b - +0 scale mail
rPois    .         Spirit   .   (helmet restricted)
rElec    .         Reflect  .   (no cloak)
rCorr    .         Harm     .   (no gloves)
MR       .....                  (no boots)
Stlth    ..........             (no amulet)
HPRegen  0.21/turn              (no ring)
MPRegen  0.10/turn              (no ring)

@: paralysed
A: retaliatory headbutt, horns 2
a: no special abilities


You were on level 6 of the Dungeon.
You were not hungry.

You visited 1 branch of the dungeon, and saw 6 of its levels.

You collected 166 gold pieces.

Inventory:

Hand Weapons
 a - a +0 war axe (weapon)
Armour
 b - a +0 scale mail (worn)
 c - a +0 shield (worn)
Jewellery
 x - an uncursed ring of protection from fire {unknown}
Wands
 p - a wand of flame (32)
 q - a wand of random effects (21)
 w - a wand of digging (13)
Scrolls
 e - 2 scrolls of remove curse {unknown}
 g - 6 scrolls of identify {unknown}
 l - a scroll of immolation {unknown}
 m - a scroll of magic mapping {unknown}
 o - 3 scrolls of teleportation {unknown}
 r - 2 scrolls of blinking {unknown}
 t - a scroll of fear {unknown}
 y - a scroll of enchant weapon {unknown}
 A - a scroll of acquirement {unknown}
Potions
 d - a potion of might
 h - 5 potions of curing {unknown}
 i - 4 potions of lignification {unknown}
 j - a potion of brilliance {unknown}
 k - a potion of berserk rage {unknown}
 n - 3 potions of degeneration {unknown}
 s - a potion of agility {unknown}
 u - 2 potions of magic {unknown}
 v - a potion of heal wounds {unknown}
 z - a potion of haste {unknown}
Comestibles
 f - 12 rations


   Skills:
 + Level 5.4 Fighting
 + Level 7.9 Axes
 + Level 6.3 Armour
 + Level 2.6 Dodging
 + Level 0.2 Stealth
 + Level 7.1 Shields


You had 7 spell levels left.
You didn't know any spells.
Your spell library was empty.

Dungeon Overview and Level Annotations

Branches:
Dungeon (6/15)
 Temple: D:4-7

Altars:
Cheibriados

Annotations:
D:6 Grinder


Innate Abilities, Weirdness & Mutations

You reflexively headbutt those who attack you in melee.
You have a pair of horns on your head.


Message History

You are too injured to fight recklessly!
You are too injured to fight recklessly!
You are too injured to fight recklessly!
Grinder is nearby!
You are too injured to fight recklessly!
You are too injured to fight recklessly!
You are too injured to fight recklessly!
You are too injured to fight recklessly!
You closely miss Grinder. Your headbutt misses Grinder.
Grinder is severely wounded.
Grinder hits you!
* * * LOW HITPOINT WARNING * * *
You writhe in agony.
* * * LOW HITPOINT WARNING * * *
You hit Grinder.
Grinder is almost dead.
Grinder gestures at you.
You suddenly lose the ability to move!
Grinder hits you!
You die...

#.##..# # #. #.###.# #
#. #.# #.# # #. #.# #.#
# #. #.# #.# # #.
#p###.#### #.
##.........
#5#######.......pp.
#.@.......###.#....
#.....................#
#######################


You could see Grinder.

Vanquished Creatures
  Pikel (D:6)
  A phantom (D:4)
  Blork the orc (D:4)
  4 scorpions
  A howler monkey (D:2)
  A hound (D:5)
  2 orc priests (D:5)
  A jelly (D:6)
  An orc wizard (D:4)
  Jessica (D:2)
  An iguana (D:5)
  2 worker ants
  14 adders
  2 oozes
  An adder skeleton (D:4)
  6 worms
  4 dart slugs
  A leopard gecko (D:5)
  11 orcs
  2 giant cockroaches
  4 hobgoblins
  12 jackals
  9 kobolds
  2 quokkas
  A ball python (D:3)
  9 bats
  7 frilled lizards
  7 goblins
  A leopard gecko skeleton (D:5)
  A quokka skeleton (D:2)
  8 rats
119 creatures vanquished.

Notes
Turn   | Place    | Note
-------+----------+-------------------------------------------
     0 | D:1      | Gorglobot the Minotaur Fighter began the quest for the Orb.
     0 | D:1      | Reached XP level 1. HP: 19/19 MP: 0/0
   111 | D:1      | Reached XP level 2. HP: 25/27 MP: 1/1
   212 | D:1      | Reached XP level 3. HP: 33/33 MP: 2/2
   796 | D:2      | Reached XP level 4. HP: 39/40 MP: 3/3
   898 | D:2      | Noticed Jessica
   904 | D:2      | Killed Jessica
   904 | D:2      | Reached skill level 5 in Shields
  1070 | D:2      | Reached XP level 5. HP: 47/47 MP: 4/4
  1654 | D:3      | Found a snail-covered altar of Cheibriados.
  1870 | D:3      | Reached skill level 1 in Dodging
  1870 | D:3      | Reached XP level 6. HP: 44/53 MP: 5/5
  2537 | D:4      | Reached skill level 5 in Axes
  2752 | D:4      | Noticed Blork the orc
  2767 | D:4      | Killed Blork the orc
  2767 | D:4      | Reached skill level 5 in Armour
  2899 | D:4      | Reached XP level 7. HP: 44/60 MP: 6/6
  3297 | D:4      | Reached skill level 5 in Fighting
  3729 | D:5      | Entered Level 5 of the Dungeon
  4501 | D:6      | Noticed Pikel
  4519 | D:6      | Killed Pikel
  4519 | D:6      | Reached XP level 8. HP: 59/69 MP: 7/7
  4608 | D:6      | Noticed Grinder
  4615 | D:6      | Paralysed by Grinder for 5 turns
  4632 | D:6      | HP: 2/69 [Grinder (4)]
  4633 | D:6      | Paralysed by Grinder for 7 turns
  4634 | D:6      | Slain by Grinder

Skill      XL: |  1  2  3  4  5  6  7 |
---------------+----------------------+-----
Armour         | 4 5 6 |  6.3
Shields        | 4 5 6 7 |  7.1
Fighting       | 4 5 |  5.4
Axes           | 3 4 5 7 |  7.9
Dodging        | 1 2 |  2.6
Stealth        | |  0.2

Action                   |  1- 3 |  4- 6 |  7- 9 || total
-------------------------+-------+-------+-------++-------
Melee: War axe           |    69 |   158 |    91 ||   318
       Headbutt          |    12 |    27 |    18 ||    57
  Eat: Chunk             |       |     6 |     4 ||    10
       Ration            |       |       |     1 ||     1
Armor: Scale mail        |    37 |    72 |    15 ||   124
Dodge: Dodged            |    23 |    48 |    20 ||    91
Block: Shield            |    39 |    99 |    47 ||   185
